 Dungeon Crawl Stone Soup version 0.29-a0-477-g62b78b4225 (webtiles) character file.

Game seed: 81943590151508543

146 Infinimo the Cudgeller (level 5, -2/49 HPs)
             Began as an Ogre Gladiator on May 25, 2022.
             Slain by a hound (4 damage)
             ... on level 4 of the Dungeon.
             The game lasted 00:03:02 (4430 turns).

Infinimo the Cudgeller (Ogre Gladiator)             Turns: 4430, Time: 00:03:03

Health: -2/49      AC:  3    Str: 18    XL:     5   Next: 28%
Magic:  5/5        EV: 10    Int: 11    God:
Gold:   103        SH:  0    Dex: 10    Spells: 4/4 levels left

rFire   . . .      SeeInvis .   a - +0 flail
rCold   . . .      Faith    .   (no shield)
rNeg    . . .      Spirit   .   b - +0 robe
rPois   .          Reflect  .   c - +0 hat
rElec   .          Harm     .   (no cloak)
rCorr   .          Rampage  .   (gloves unavailable)
Will    .....                   (boots unavailable)
Stlth   +.........              (no amulet)
HPRegen 0.16/turn               (no ring)
MPRegen 0.09/turn               (no ring)

@: attractive
A: large, unfitting armour, tough skin 1, antennae 1, frail 1
a: no special abilities


You were on level 4 of the Dungeon.
You visited 1 branch of the dungeon, and saw 4 of its levels.

You collected 103 gold pieces.

Inventory:

Hand Weapons
 a - a +0 flail (weapon)
Missiles
 d - 3 throwing nets (quivered)
 e - 3 large rocks
Armour
 b - a +0 robe (worn)
 c - a +0 hat (worn)
Jewellery
 g - a +4 ring of slaying
 i - a +4 ring of evasion
 r - a ring of protection from cold
 w - a ring of wizardry
Wands
 o - a wand of mindburst (10)
Scrolls
 f - a scroll of enchant armour {unknown}
 h - 2 scrolls of identify {unknown}
 j - 2 scrolls of amnesia {unknown}
 l - a scroll of fog {unknown}
 p - 2 scrolls of vulnerability {unknown}
 t - a scroll of enchant weapon {unknown}
 u - a scroll of teleportation {unknown}
 v - a scroll of torment {unknown}
Potions
 k - 2 potions of might
 n - a potion of lignification {unknown}
 q - a potion of degeneration {unknown}
 s - a potion of curing {unknown}


   Skills:
 + Level 4.5 Fighting
 * Level 4.6 Maces & Flails
 - Level 2.0 Throwing
 - Level 2.6 Dodging


You had 4 spell levels left.
You didn't know any spells.
Your spell library contained the following spells:

 Spells                   Type           Power      Damage    Failure   Level
 Blink                    Tloc           0%         N/A       47%         2
 Lesser Beckoning         Tloc           0%         N/A       71%         3
 Manifold Assault         Tloc           0%         N/A       100%        5


Dungeon Overview and Level Annotations

Branches:
Dungeon (4/15)
 Temple: D:4-7

Altars:
Kikubaaqudgha


Innate Abilities, Weirdness & Mutations

You are too large for most types of armour.
You have tough skin. (AC +1)
You have a pair of small antennae on your head.
You are frail. (-10% HP)


Message History

The hound is severely wounded.
The ball python bites you. The hound bites you.
The hound is severely wounded.
The hound is severely wounded.
The hound pauses to sniff the ground.
The hound bites you.
The hound is severely wounded.
The hound bites you. x2
The hound is severely wounded.
The hound is severely wounded.
The hound bites you. The ball python bites you.
You are too injured to fight recklessly!
You are too injured to fight recklessly!
You are too injured to fight recklessly!
You are too injured to fight recklessly!
The hound attacks as you move away!
The ball python is heavily wounded.
The ball python bites you.
The ball python is moderately wounded.
You sock the ball python!
You kill the ball python!
The hound is severely wounded.
The hound bites you.
The hound is severely wounded.
The hound bites you.
The hound is severely wounded.
The hound bites you.
The hound is severely wounded.
The hound bites you.
* * * LOW HITPOINT WARNING * * *
The hound is severely wounded.
The hound is severely wounded.
The hound bites you.
* * * LOW HITPOINT WARNING * * *
The hound bites you.
* * * LOW HITPOINT WARNING * * *
It was a potion of attraction.
You feel attractive to monsters. The hound bites you.
You die...

##.## ##....##
###.## ##..## .
#..## ##..## ...
##.##
##....####.....
##..#
##..............
##..##
##..####.........
#.<## #o.##
##.......# #..#
#h## #......##
#..# #@# ##.....#
##.. #.# .......
##. #.# .......
#. #.# ...#### #
#.. #.. ... ....


You could see a hound and an orc.

Vanquished Creatures
  Ijyb (D:3)
  4 gnolls
  3 adders
  2 worms (D:3)
  An orc (D:3)
  6 ball pythons
  3 bats
  9 endoplasms
  2 goblins (D:1)
  5 hobgoblins
  5 quokkas
  5 frilled lizards
  4 kobolds
  A rat (D:1)
51 creatures vanquished.

Notes
Turn   | Place    | Note
-------+----------+-------------------------------------------
     0 | D:1      | Infinimo the Ogre Gladiator began the quest for the Orb.
     0 | D:1      | Reached XP level 1. HP: 22/22 MP: 1/1
   152 | D:1      | Found a faded altar of an unknown god.
   387 | D:1      | Reached XP level 2. HP: 22/31 MP: 2/2
  1431 | D:1      | Reached XP level 3. HP: 19/37 MP: 3/3
  1802 | D:2      | Reached XP level 4. HP: 8/48 MP: 4/4
  2640 | D:2      | Found an ancient bone altar of Kikubaaqudgha.
  3081 | D:3      | Noticed Ijyb
  3102 | D:3      | Gained mutation: You expend magic power (3 MP) to
                  | strengthen your wands. [potion of mutation]
  3102 | D:3      | Gained mutation: You passively dampen the noise of your
                  | surroundings. [potion of mutation]
  3102 | D:3      | Gained mutation: Armour fits poorly on your strangely
                  | shaped body. [potion of mutation]
  3104 | D:3      | Killed Ijyb
  3292 | D:3      | Lost mutation: You passively dampen the noise of your
                  | surroundings. [potion of mutation]
  3292 | D:3      | Lost mutation: You expend magic power (3 MP) to strengthen
                  | your wands. [potion of mutation]
  3292 | D:3      | Lost mutation: Armour fits poorly on your strangely shaped
                  | body. [potion of mutation]
  3292 | D:3      | Gained mutation: You are frail. (-10% HP) [potion of
                  | mutation]
  3292 | D:3      | Gained mutation: You have a pair of small antennae on your
                  | head. [potion of mutation]
  3342 | D:3      | Reached XP level 5. HP: 43/49 MP: 5/5
  4429 | D:4      | HP: 2/49 [hound (5)]
  4430 | D:4      | Slain by a hound

Illustrated notes

Levels and vault maps discovered:
D:1:      eino_arrival_water_cross, layout_basic,
          shapermc_ecumenical_altar_flowoftime, hex_medium, minmay_tetromino_s2
D:2:      layout_basic, basic_altar
D:3:      layout_basic, st_stairs_1, kennysheep_nondescript, uniq_ijyb
D:4:      layout_layer_cave

Skill      XL: |  1  2  3  4 |
---------------+-------------+-----
Fighting       | 3 4 |  4.5
Maces & Flails | 3 4 |  4.6
Throwing       | |  2.0
Dodging        | |  2.6

Action                   |  1- 3 |  4- 6 || total
-------------------------+-------+-------++-------
Melee: Flail             |    73 |   135 ||   208
       Punch             |     1 |       ||     1
  Use: Potion            |     1 |     4 ||     5
 Stab: Sleeping          |     2 |       ||     2
Armor: Robe              |    13 |    37 ||    50
Dodge: Dodged            |    37 |    90 ||   127

Table legend: (Time is in decaauts)
 A = Elapsed time spent in this place.
 B = Non-inter-level travel time spent in this place.
 C = Inter-level travel time spent in this place.
 D = Time resting spent in this place.
 E = Time spent auto-exploring this place.
 F = Levels seen in this place.
 G = Mean time per level.
                   A        B        C        D        E       F      G
               +--------+--------+--------+--------+--------+-----+--------+
         Total |   4455 |   4350 |    105 |   1119 |   2787 |   4 | 1113.8 |
       Dungeon |   4455 |   4350 |    105 |   1119 |   2787 |   4 | 1113.8 |
               +--------+--------+--------+--------+--------+-----+--------+

Top non-repeatable levels by time:
     D:1: 1798 daAuts
     D:3: 1314 daAuts
     D:2: 1242 daAuts
     D:4: 99 daAuts
